cohdb
Replays
Latest Replays
All Replays
Popular Replays
Top Player Replays
Match Explorer
How It Works
Community
CoH3 Stats
Reddit
Sign in to upload your games and track your stats! →
Sign in with Steam
Match 43961293
Unlisted
Match 43961293
Overview
Messages
Build Orders
End
Kradschützen Motorcycle Team
Kradschützen Motorcycle Team
Construct Light Support Kompanie
MG34 Team
MG34 Team
Selects Italian Infantry
Selects Italian Infantry
Panzerjäger Squad
Fire Support Elements
Flakvierling Half-track
Vehicle Survival Package
Assault Mechanized Group
Pak 38 Anti-tank Gun Team
Selects Defensive Operations
Construct Panzerarmee Kommand
Panzer III L Medium Tank
Emergency Repair Kits
Selects Prepared Positions
Rapid Advance
Walking Stuka Rocket Launcher
Selects Guastatori Squad
Selects Registered Artillery
Panzer III L Medium Tank
lattouf
Deliri0us
Basecoh3 @ Youtube
HulkSMASH
0
0
Comments
sign in to comment!
No comments posted yet!